 Dungeon Crawl Stone Soup version 0.30-a0-859-gf88a04b62d (webtiles) character file.

Game seed: 7465828805338098107

28168 Newt the Markskobold (level 13, -2/77 HPs)
             Began as a Kobold Hunter on Mar 6, 2023.
             Was a Priest of Hepliaklqana.
             Slain by Rupert
             ... wielding a +2 great sword of protection
              (11 damage)
             ... while paralysed by Rupert
             ... on level 13 of the Dungeon.
             The game lasted 00:23:31 (14560 turns).

Newt the Markskobold (Kobold Hunter)               Turns: 14560, Time: 00:23:31

Health: -2/77      AC: 12    Str:  9    XL:     13   Next: 71%
Magic:  17/17      EV:  3    Int: 11    God:    Hepliaklqana [***...]
Gold:   1962       SH:  0    Dex: 27    Spells: 12/12 levels left

rFire   + . .      SeeInvis .    a - +0 shortbow (freeze)
rCold   . . .      Faith    .    (shield currently unavailable)
rNeg    . . .      Spirit   .    s - +2 troll leather armour {Pargi}
rPois   .          Reflect  .    (no helmet)
rElec   .          Rampage  .    U - +1 cloak {rCorr}
rCorr   +                        k - +1 pair of gloves
Will    .....                    o - +0 pair of boots of the Apprentice {Dex+5}
Stlth   ++                       (no amulet)
HPRegen 1.12/turn                n - +4 ring of slaying
MPRegen 0.15/turn                q - ring of protection from fire

@: confused, paralysed
A: reduced essence, small, no large weapons, nightstalker 3
a: Renounce Religion, Recall Ancestor, Ancestor Identity, Transference


You were on level 13 of the Dungeon.
You worshipped Hepliaklqana.
Hepliaklqana was most pleased with you.
You visited 2 branches of the dungeon, and saw 14 of its levels.
You also visited: Sewer and Bailey.

You collected 2098 gold pieces.
You spent 136 gold pieces at shops.

Inventory:

Hand Weapons
 a - a +0 shortbow of freezing (weapon)
Missiles
 A - 11 boomerangs of dispersal
 O - 3 throwing nets
Armour
 c - a +0 leather armour
 h - a +0 pair of boots
 k - a +1 pair of gloves (worn)
 o - the +0 pair of boots of the Apprentice (worn) {Dex+5}
   (You found it on level 2 of the Dungeon)

   Dex:       It affects your dexterity (+5).
 s - a +2 troll leather armour (worn) {Pargi}
 L - the +3 robe of Death Resistance {*Slow rPois Str+5}
   (You bought it in a shop on level 8 of the Dungeon)

   Str:       It affects your strength (+5).
   rPois:     It protects you from poison.
   *Slow:     It may slow you when you take damage.
 S - a +1 cloak
 U - a +1 cloak of preservation (worn)
Jewellery
 n - a +4 ring of slaying (left hand)
 q - a ring of protection from fire (right hand)
 B - a +6 ring of intelligence
 T - an amulet of guardian spirit
Wands
 i - a wand of light (9)
 w - a wand of polymorph (5)
 y - a wand of iceblast (3)
 D - a wand of flame (22)
 J - a wand of charming (16)
 Q - a wand of mindburst (15)
Scrolls
 b - 2 scrolls of immolation
 d - 8 scrolls of teleportation
 e - 3 scrolls of amnesia
 p - 4 scrolls of blinking
 C - a scroll of brand weapon
 E - a scroll of vulnerability
 F - 3 scrolls of fog
 I - a scroll of fear
 M - 6 scrolls of identify
 N - 2 scrolls of enchant armour
 P - a scroll of magic mapping
 R - a scroll of enchant weapon {unknown}
Potions
 f - 3 potions of attraction
 g - 2 potions of degeneration
 j - 10 potions of curing
 l - a potion of heal wounds
 m - 2 potions of cancellation
 r - 3 potions of invisibility
 t - 3 potions of lignification
 u - 3 potions of flight
 v - 2 potions of brilliance
 x - 2 potions of might
 z - 2 potions of ambrosia
 G - 2 potions of magic
 H - 4 potions of haste
 K - 2 potions of berserk rage


   Skills:
 - Level 12.0 Fighting
 - Level 18.0 Ranged Weapons
 - Level 5.0 Armour
 - Level 10.0 Dodging
 + Level 3.5 Stealth
 - Level 6.0 Invocations
 - Level 10.0 Evocations


You had 12 spell levels left.
You didn't know any spells.
Your spell library contained the following spells:

 Spells                   Type           Power      Damage    Failure   Level
 Kiss of Death            Conj/Necr      0%         2d5       43%         1
 Magic Dart               Conj           0%         1d3       43%         1
 Call Imp                 Summ           0%         N/A       56%         2
 Static Discharge         Conj/Air       0%         2-2/arc   56%         2
 Confusing Touch          Hex            0%         N/A       80%         3
 Kindle Blastsparks       Fire/Tloc/Air  0%         2d10      80%         3
 Mephitic Cloud           Conj/Pois/Air  0%         N/A       80%         3
 Tukima's Dance           Hex            0%         N/A       80%         3
 Vhi's Electric Charge    Tloc/Air       0%         N/A       80%         3
 Dispel Undead            Necr           0%         3d6       99%         4
 Fulminant Prism          Conj/Hex       0%         3d5       99%         4
 Iskenderun's Mystic Bla  Conj/Tloc      0%         2d3       99%         4
 Passage of Golubria      Tloc           0%         N/A       99%         4
 Arcjolt                  Conj/Air       0%         1d10      100%        5
 Lee's Rapid Deconstruct  Erth           0%         3d4*      100%        5
 Lightning Bolt           Conj/Air       0%         1d11      100%        5
 Summon Forest            Summ/Tloc      0%         N/A       100%        5
 Summon Mana Viper        Hex/Summ       0%         N/A       100%        5
 Yara's Violent Unravell  Hex/Tmut       0%         3d3       100%        5
 Summon Cactus Giant      Summ           0%         N/A       100%        6


Dungeon Overview and Level Annotations

Branches:
Dungeon (13/15)            Temple (1/1) D:7            Lair (0/5) D:11
    Orc (0/2) D:11         Vaults (0/5) D:13          Sewer (visited)
 Bailey (visited)

Altars:
Ashenzari
Cheibriados
Dithmenos
Elyvilon
Fedhas
Gozag
Hepliaklqana
Kikubaaqudgha
Makhleb
Nemelex Xobeh
Okawaru
Qazlal
Ru
Sif Muna
Trog
Uskayaw
Vehumet
Wu Jian
Xom
Yredelemnul
Zin
The Shining One

Shops:
D:5 *   D:8 [   D:11 *

Annotations:
D:13 Rupert


Innate Abilities, Weirdness & Mutations

Your life essence is reduced to manifest your ancestor. (-10% HP)
You are small and have problems with some larger weapons.
You are completely attuned to the shadows.


Message History

Fire: a) +0 shortbow (freeze)
Press: ? - help, Q - select action, (/) - cycle Shift-Dir - straight line, f/p - Rupert
Aim: Rupert, wielding a +2 great sword of protection and wearing a +0 leather armour (severely wounded, wandering, fast, blind, ally target, hasn't noticed you, 78% to hit)
You shoot an arrow. The arrow hits Rupert.
The arrow freezes Rupert.
Rupert is severely wounded.
Rupert roars wildly at you.
You struggle to resist.
Unknown command.
Fire: a) +0 shortbow (freeze)
Press: ? - help, Q - select action, (/) - cycle Shift-Dir - straight line, f/p - Rupert
Aim: Rupert, wielding a +2 great sword of protection and wearing a +0 leather armour (severely wounded, fast, blind, ally target, 78% to hit)
You shoot an arrow.
The arrow hits Rupert but does no damage.
Rupert is severely wounded.
Rupert misses you.
Fire: a) +0 shortbow (freeze)
Press: ? - help, Q - select action, (/) - cycle Shift-Dir - straight line, f/p - Rupert
Aim: Rupert, wielding a +2 great sword of protection and wearing a +0 leather armour (severely wounded, fast, blind, ally target, 78% to hit)
You shoot an arrow. The arrow closely misses Rupert.
Nakurtum avoids your attack. Rupert barely misses you.
Nakurtum closely misses Rupert.
Rupert barely misses you.
Fire: a) +0 shortbow (freeze)
Press: ? - help, Q - select action, (/) - cycle Shift-Dir - straight line, f/p - Rupert
Aim: Rupert, wielding a +2 great sword of protection and wearing a +0 leather armour (severely wounded, wandering, fast, blind, ally target, hasn't noticed you, 78% to hit)
You shoot an arrow. The arrow hits Rupert.
The arrow freezes Rupert.
Rupert is severely wounded.
Rupert is no longer blind.
Rupert yells loudly at you.
You suddenly lose the ability to move!
Nakurtum closely misses Rupert.
Rupert hits you with a +2 great sword of protection!!
Rupert roars wildly at you.
You are confused.
Nakurtum closely misses Rupert.
Rupert hits you but does no damage.
Rupert hits you with a +2 great sword of protection!! x2
* * * LOW HITPOINT WARNING * * *
Nakurtum barely misses Rupert.
Rupert hits you with a +2 great sword of protection!
You die...

#.# #.# #.# #.#
######'### +#
#........# ...
#.^...>..#
...####........#
..R@@##........#
..$#..#........#
.. ##.'........#
. ###.......(#
#........#
##########


You could see the friendly Nakurtum the knight and Rupert (fast, ally target).

Vanquished Creatures
  An orc warlord (Bailey)
  A hydra (D:11)
  Erolcha (D:12)
  2 centaur warriors (D:11)
  Harold (D:10)
  5 two-headed ogres
  2 boulder beetles
  An ugly thing (D:11)
  2 oklob plants (D:11)
  A manticore (D:11)
  2 cyclopes
  Maurice (D:12)
  An unseen horror (D:10)
  A gargoyle (D:11)
  2 freezing wraiths
  4 trolls
  A hornet (D:8)
  A jumping spider (shapeshifter) (D:11)
  2 wraiths
  2 shadows
  3 slime creatures (D:12)
  Eustachio (D:6)
  A vampire (D:9)
  11 yaks
  3 wyverns
  A basilisk (D:8)
  5 vampire mosquitoes
  3 steam dragons
  2 water moccasins
  Pargi (D:3)
  3 ice beasts
  A sky beast (D:8)
  13 orc warriors
  3 black bears
  7 ogres (D:12)
  7 centaurs
  A kobold brigand (D:8)
  Blork the orc (D:4)
  2 gnoll sergeants
  A bullfrog (D:9)
  2 scorpions
  8 wights
  6 killer bees
  A troll skeleton (D:10)
  3 howler monkeys
  5 spriggan skeletons (D:10)
  3 hounds
  2 quasits (D:8)
  11 orc priests
  A sleepcap (D:6)
  A gnoll bouda (D:8)
  4 iguanas
  15 orc wizards
  21 gnolls
  11 adders
  2 shadow imps
  5 white imps
  An ufetubus (D:8)
  2 worms
  50 orcs
  5 endoplasms
  3 giant cockroaches
  18 goblins
  19 hobgoblins
  12 jackals
  A quokka (D:5)
  6 ball pythons
  8 bats
  9 frilled lizards
  13 kobolds
  7 rats
359 creatures vanquished.

Vanquished Creatures (collateral kills)
  Snorg (D:12)
  A two-headed ogre (D:12)
  A boulder beetle (D:12)
  Lodul (D:12)
  An unseen horror (D:12)
  Psyche (D:12)
  2 trolls
  A slime creature (D:12)
  A yak (D:11)
  A vampire (D:10)
  2 vampire mosquitoes (D:12)
  An acid dragon (D:10)
  A water moccasin (D:8)
  An ogre (D:12)
  A bullfrog (D:8)
  A wight (D:9)
  A killer bee (D:9)
  2 orc wizards
  3 gnolls
  2 orcs (D:11)
  A goblin (Bailey)
  A hobgoblin (Bailey)
28 creatures vanquished.

Vanquished Creatures (others)
  4 knights (D:11)
  4 ancestors
  An orc (D:8)
  A goblin (D:8)
  12 plants
22 creatures vanquished.

Grand Total: 409 creatures vanquished

Notes
Turn   | Place    | Note
-------+----------+-------------------------------------------
     0 | D:1      | Newt the Kobold Hunter began the quest for the Orb.
     0 | D:1      | Reached XP level 1. HP: 12/12 MP: 1/1
   277 | D:1      | Reached XP level 2. HP: 18/18 MP: 2/2
   765 | D:1      | Found a faded altar of an unknown god.
   902 | D:2      | Reached XP level 3. HP: 24/24 MP: 3/3
  1122 | D:2      | Reached XP level 4. HP: 30/30 MP: 4/4
  1414 | D:2      | Identified the +0 pair of boots of the Apprentice {Dex+5}
  1523 | D:2      | Reached skill level 5 in Fighting
  1584 | D:2      | Found a shimmering blue altar of Sif Muna.
  1778 | D:2      | Reached XP level 5. HP: 35/35 MP: 5/5
  2368 | D:3      | Reached skill level 6 in Ranged Weapons
  2966 | D:3      | Found a white marble altar of Elyvilon.
  3359 | D:4      | Reached skill level 7 in Ranged Weapons
  3374 | D:4      | Reached XP level 6. HP: 40/40 MP: 6/6
  3425 | D:4      | Found a glowing drain.
  3450 | Sewer    | Entered a sewer
  3967 | D:4      | Noticed Pargi
  3967 | D:4      | Noticed Blork the orc
  3998 | D:3      | Killed Pargi
  3999 | D:3      | Reached skill level 8 in Ranged Weapons
  3999 | D:3      | Reached XP level 7. HP: 20/44 MP: 7/7
  4292 | D:4      | Killed Blork the orc
  4293 | D:4      | Reached skill level 9 in Ranged Weapons
  4895 | D:5      | Entered Level 5 of the Dungeon
  4988 | D:5      | Reached skill level 10 in Ranged Weapons
  5221 | D:5      | Reached XP level 8. HP: 49/49 MP: 8/8
  5355 | D:5      | Found Reg Waecs's Fire Supplies.
  5484 | D:5      | Noticed a two-headed ogre
  5490 | D:5      | Killed a two-headed ogre
  5491 | D:5      | Reached skill level 5 in Evocations
  5937 | D:5      | Found a broken altar of Ashenzari.
  6106 | D:6      | Reached XP level 9. HP: 53/54 MP: 9/9
  6135 | D:6      | Found a basalt altar of Yredelemnul.
  6162 | D:6      | Reached skill level 11 in Ranged Weapons
  6277 | D:6      | Found an opulent altar of Gozag.
  6285 | D:6      | Found a shadowy altar of Dithmenos.
  6292 | D:6      | Found an iron altar of Okawaru.
  6306 | D:6      | Found a sparkling altar of Nemelex Xobeh.
  6313 | D:6      | Found a radiant altar of Vehumet.
  6319 | D:6      | Found a glowing golden altar of the Shining One.
  6383 | D:6      | Noticed Eustachio
  6391 | D:6      | Killed Eustachio
  6440 | D:6      | Reached skill level 12 in Ranged Weapons
  7243 | D:7      | Reached skill level 13 in Ranged Weapons
  7435 | D:7      | Reached skill level 14 in Ranged Weapons
  7438 | D:7      | Reached XP level 10. HP: 19/59 MP: 10/10
  7561 | D:7      | Found the +9 sword of Power {lifebolt}
  7859 | D:7      | Found a staircase to the Ecumenical Temple.
  7866 | Temple   | Entered the Ecumenical Temple
  8083 | Temple   | Became a worshipper of Hepliaklqana the Forgotten
  8786 | D:8      | Found a hide-covered altar of Uskayaw.
  9133 | D:8      | Found a flagged portal.
  9139 | Bailey   | Entered a bailey
  9270 | Bailey   | Reached * piety under Hepliaklqana
  9369 | Bailey   | Reached skill level 10 in Dodging
  9462 | Bailey   | Reached XP level 11. HP: 61/61 MP: 11/11
  9462 | Bailey   | Noticed an orc warlord
  9481 | Bailey   | Killed an orc warlord
  9482 | Bailey   | Reached skill level 15 in Ranged Weapons
  9523 | Bailey   | Identified the +3 quarterstaff of Pibaimpav {drain, Str+4
                  | Dex+3}
  9544 | Bailey   | Acquired 997 gold pieces
  9626 | D:8      | Found Sinyzoic's Antique Armour Boutique.
  9762 | D:8      | Noticed a two-headed ogre
  9768 | D:8      | Killed a two-headed ogre
  9788 | D:8      | Reached skill level 16 in Ranged Weapons
  9789 | D:8      | Reached skill level 1 in Armour
 10316 | D:8      | Identified the +0 falchion "Nodiyx" {drain, rPois Str+4
                  | Dex-5}
 10509 | D:8      | Bought a heavily jewelled robe for 136 gold pieces
 10509 | D:8      | Identified the +3 robe of Death Resistance {*Slow rPois
                  | Str+5} (You bought it in a shop on level 8 of the Dungeon)
 10813 | D:9      | Found a shimmering altar of Xom.
 11074 | D:10     | Entered Level 10 of the Dungeon
 11136 | D:10     | Reached skill level 5 in Armour
 11166 | D:10     | Noticed a two-headed ogre
 11168 | D:10     | Noticed Harold
 11171 | D:10     | Killed a two-headed ogre
 11180 | D:10     | Killed Harold
 11181 | D:10     | Reached XP level 12. HP: 57/65 MP: 12/12
 11302 | D:10     | Noticed a two-headed ogre
 11307 | D:10     | Killed a two-headed ogre
 11427 | D:10     | Reached ** piety under Hepliaklqana
 11428 | D:10     | Remembered your ancestor Nakurtum as a knight
 11762 | D:11     | Reached skill level 10 in Evocations
 11926 | D:11     | Found a staircase to the Orcish Mines.
 12039 | D:11     | Found Ruavvym's Assorted Antiques.
 12060 | D:11     | Found a staircase to the Lair.
 12204 | D:11     | Reached skill level 10 in Fighting
 12204 | D:11     | Reached skill level 1 in Invocations
 12396 | D:11     | Noticed a boulder beetle
 12397 | D:11     | Noticed an eight-headed hydra
 12413 | D:11     | Killed a boulder beetle
 12423 | D:11     | Killed an eight-headed hydra
 12424 | D:11     | Reached skill level 5 in Invocations
 12614 | D:11     | Noticed a centaur warrior
 12626 | D:11     | Killed a centaur warrior
 12825 | D:11     | Reached *** piety under Hepliaklqana
 12912 | D:11     | Reached XP level 13. HP: 62/73 MP: 17/17
 12951 | D:11     | Noticed a centaur warrior
 12963 | D:11     | Killed a centaur warrior
 13432 | D:12     | Noticed Snorg
 13445 | D:12     | Noticed Lodul
 13445 | D:12     | Killed Snorg
 13448 | D:12     | Killed Lodul
 13792 | D:12     | Noticed Maurice
 13795 | D:12     | Killed Maurice
 13834 | D:12     | Reached skill level 17 in Ranged Weapons
 13846 | D:12     | Noticed Psyche
 13860 | D:12     | Killed Psyche
 14002 | D:12     | Noticed Erolcha
 14008 | D:12     | Killed Erolcha
 14009 | D:12     | Reached skill level 18 in Ranged Weapons
 14427 | D:13     | Found a gate to the Vaults.
 14545 | D:13     | Noticed Rupert
 14556 | D:13     | Paralysed by Rupert for 4 turns
 14560 | D:13     | Slain by Rupert

Illustrated notes

Levels and vault maps discovered:
D:1:      dpeg_arrival_pits, layout_basic, hellmonk_ecumenical_altar_run_dry
D:2:      layout_loops_corners, basic_altar, amcnicky_mini_rare_corridor_liquid,
          serial_bayou_pond_a
D:3:      layout_loops_corners, mainiacjoe_overflow_brackets, grunt_ministairs_2
D:4:      layout_gridville, cheibrodos_sewer_entry_bend, uniq_pargi,
          uniq_blork_the_orc
D:5:      layout_loops_cross, marbit_many_paths, nicolae_shop_fire_sale
          [nicolae_sub_dead_trees]
D:6:      layout_loops_ring, grunt_temple_overflow_octagram, uniq_eustachio
D:7:      layout_layer_cave, minmay_temple_entry_waves,
          minmay_unpleasant_kobolds
D:8:      nzn_winding_woodlands_medium [nzn_winding_woodlands_5x5_open_star,
          nzn_winding_woodlands_5x15_zeroes, nzn_winding_woodlands_5x5_cross,
          nzn_winding_woodlands_5x5_closed_star,
          nzn_winding_woodlands_center_lodge, nzn_winding_woodlands_5x5_three,
          nzn_winding_woodlands_hourglass, nzn_winding_woodlands_5x15_pockets,
          nzn_winding_woodlands_5x5_perimeter], layout_basic,
          nicolae_uskayaw_murder_on_the_dancefloor, serial_demonic,
          serial_demonic_c, serial_demonic_a, serial_demonic_c,
          serial_demonic_b, serial_shops, nicolae_shop_trees, enter_bailey_3
D:9:      layout_rooms, general_overflow_altar
D:10:     layout_basic, hangedman_tell_no_tales, uniq_harold
D:11:     layout_grid_maze, dpeg_oklobed_lair, david_orc_2, serial_shops, shop,
          minmay_shattered_shrine
D:12:     layout_long_grid, uniq_lodul, uniq_psyche, uniq_maurice, uniq_snorg,
          uniq_erolcha
D:13:     layout_roguey, david_vaults_4, uniq_sonja, uniq_rupert
Temple:   grunt_temple_mini_profane

Skill      XL: |  1  2  3  4  5  6  7  8  9 10 11 12 13 |
---------------+----------------------------------------+-----
Fighting       | 3 4 5 8 10 12 | 12.0
Ranged Weapons | 7 8 10 14 16 18 | 18.0
Dodging        | 4 6 10 | 10.0
Evocations     | 6 7 10 | 10.0
Armour         | 5 |  5.0
Invocations    | 6 |  6.0
Stealth        | 3 |  3.5

Action                     |  1- 3 |  4- 6 |  7- 9 | 10-12 | 13-15 || total
---------------------------+-------+-------+-------+-------+-------++-------
  Melee: Shortbow          |       |       |     2 |       |     3 ||     5
   Fire: Shortbow          |    40 |   139 |   209 |   619 |   159 ||  1166
  Throw: Boomerang         |       |       |       |     1 |       ||     1
 Invoke: Recall Ancestor   |       |       |       |     1 |       ||     1
         Ancestor Life: Kn |       |       |       |     1 |       ||     1
  Evoke: Wand              |       |     1 |     1 |    10 |     4 ||    16
    Use: Scroll            |       |    10 |     6 |     8 |       ||    24
         Potion            |       |     2 |       |     4 |       ||     6
 Armour: Leather armour    |     1 |    21 |       |       |       ||    22
         Troll leather arm |       |       |    22 |    44 |     6 ||    72
  Dodge: Dodged            |    25 |    93 |    92 |   281 |    73 ||   564

Table legend: (Time is in decaauts)
 A = Elapsed time spent in this place.
 B = Non-inter-level travel time spent in this place.
 C = Inter-level travel time spent in this place.
 D = Time resting spent in this place.
 E = Time spent auto-exploring this place.
 F = Levels seen in this place.
 G = Mean time per level.
                   A        B        C        D        E       F      G
               +--------+--------+--------+--------+--------+-----+--------+
         Total |  14473 |  13873 |    600 |   1700 |  10224 |  16 |  904.6 |
       Dungeon |  13502 |  12927 |    575 |   1700 |   9538 |  13 | 1038.6 |
        Temple |    241 |    217 |     24 |      0 |    207 |   1 |  241.0 |
         Sewer |    333 |    333 |      0 |      0 |    222 |   1 |  333.0 |
        Bailey |    395 |    395 |      0 |      0 |    257 |   1 |  395.0 |
               +--------+--------+--------+--------+--------+-----+--------+

Top non-repeatable levels by time:
    D:11: 1482 daAuts
     D:3: 1409 daAuts
     D:2: 1318 daAuts
     D:8: 1300 daAuts
     D:7: 1273 daAuts
     D:5: 1189 daAuts
     D:6: 1157 daAuts
     D:4: 1029 daAuts
    D:12: 982 daAuts
     D:1: 903 daAuts
    D:10: 684 daAuts
     D:9: 538 daAuts
  Bailey: 395 daAuts
   Sewer: 333 daAuts
  Temple: 241 daAuts
